 Dungeon Crawl Stone Soup version 0.31-a0-846-gb3bcc0d938 (webtiles) character file.

Game seed: 5710321517828655066

222623 pokeman the Sorcerer (level 18, -15/103 HPs)
             Began as a Deep Elf Hedge Wizard on Oct 3, 2023.
             Was the Champion of Vehumet.
             Shot with a bolt by an orc warlord (18 damage)
             ... on level 1 of the Vaults.
             The game lasted 02:15:04 (44305 turns).

pokeman the Sorcerer (Deep Elf Hedge Wizard)       Turns: 44305, Time: 02:15:04

Health: -15/103    AC: 18    Str: 11    XL:     18   Next: 53%
Magic:  53/59      EV: 12    Int: 34    God:    Vehumet [******]
Gold:   3297       SH:  6    Dex: 17    Spells: 11/70 levels left

rFire   x . .        L - staff of conjuration
rCold   + + +        p - +0 buckler {rC+}
rNeg    + + .        M - +5 robe of the Skies Above {rN+ Str+4 Dex+3}
rPois   +            u - +2 helmet of Araes {rF- rC+ rN+}
rElec   .            K - +1 cloak {rPois}
rCorr   .            l - +0 pair of gloves
SInv    .            G - +2 pair of boots {Fly}
Will    ++...        w - amulet of regeneration
Stlth   +++          O - +6 ring of intelligence
HPRegen 1.17/turn    n - ring of Nusopitas {rC+ Will+ MP+9}
MPRegen 0.36/turn

%: no passive effects
@: flying, very slightly contaminated, studying Ice Magic
A: no striking features
}: 1/15 runes: serpentine
a: Renounce Religion


You were on level 1 of the Vaults.
You worshipped Vehumet.
Vehumet was exalted by your worship.
You visited 8 branches of the dungeon, and saw 32 of its levels.
You also visited: Bailey, Gauntlet and Volcano.

You collected 4623 gold pieces.
You spent 1326 gold pieces at shops.

Inventory:

Missiles
 f - 3 curare-tipped darts
 I - 6 throwing nets
Armour
 l - a +0 pair of gloves (worn)
 p - a +0 buckler of cold resistance (worn)
 u - the +2 helmet of Araes (worn) {rF- rC+ rN+}
   (You found it in a Gauntlet)

   rF-:       It makes you vulnerable to fire.
   rC+:       It protects you from cold.
   rN+:       It protects you from negative energy.
 F - a +2 robe of cold resistance
 G - a +2 pair of boots of flying (worn)
 K - a +1 cloak of poison resistance (worn)
 M - the +5 robe of the Skies Above (worn) {rN+ Str+4 Dex+3}
   (You found it in a Gauntlet)

   Str+4:     It affects your strength (+4).
   Dex+3:     It affects your dexterity (+3).
   rN+:       It protects you from negative energy.
Magical Staves
 L - a staff of conjuration (weapon)
Jewellery
 a - a ring of flight
 n - the ring of Nusopitas (right hand) {rC+ Will+ MP+9}
   (You acquired it on level 2 of the Orcish Mines)

   [ring of magical power]

   rC+:       It protects you from cold.
   Will+:     It increases your willpower.
   MP+9:      It affects your magic capacity (+9).
 t - a ring of see invisible
 w - an amulet of regeneration (around neck)
 O - a +6 ring of intelligence (left hand)
Wands
 g - a wand of mindburst (3)
 r - a wand of polymorph (2)
 y - a wand of digging (1)
 A - a wand of paralysis (12)
Scrolls
 b - a scroll of enchant armour
 j - 13 scrolls of teleportation
 k - a scroll of amnesia
 m - 12 scrolls of identify
 s - 6 scrolls of revelation
 H - 3 scrolls of blinking
Potions
 c - 2 potions of lignification
 d - 3 potions of magic
 e - 2 potions of brilliance
 h - a potion of enlightenment
 i - 16 potions of curing
 o - 4 potions of haste
 q - 2 potions of berserk rage
 x - a potion of cancellation {unknown}
 E - 9 potions of heal wounds
Miscellaneous
 v - a lightning rod (4/4)
 J - a phantom mirror
 N - a phial of floods
 R - a sack of spiders


   Skills:
 - Level 8.0 Fighting
 + Level 8.3 Armour
 - Level 3.0 Dodging
 - Level 4.1 Stealth
 - Level 6.0 Shields
 * Level 26.6 Spellcasting
 + Level 16.5 Conjurations
 - Level 1.1 Summonings
 - Level 1.1 Necromancy
 - Level 1.1 Translocations
 - Level 1.0 Transmutations
 + Level 15.0 Fire Magic
 - Level 1.1 Ice Magic
 - Level 5.0 Air Magic
 - Level 9.0 Earth Magic
 - Level 1.1 Poison Magic
 - Level 1.0 Evocations


You had 11 spell levels left.
You knew the following spells:

 Your Spells              Type           Power      Damage    Failure   Level
a - Magic Dart            Conj           100%       1d8       0%          1
b - Mephitic Cloud        Conj/Pois/Air  98%        N/A       1%          3
c - Call Imp              Summ           100%       N/A       1%          2
d - Blink                 Tloc           100%       N/A       1%          2
e - Stone Arrow           Conj/Erth      100%       3d13      0%          3
f - Fireball              Conj/Fire      62%        3d24      1%          5
g - Freezing Cloud        Conj/Ice/Air   49%        6-21      1%          5
h - Starburst             Conj/Fire      62%        6d16      1%          6
i - Irradiate             Conj/Tmut      51%        3d28      1%          5
j - Airstrike             Air            34%        2d(5-21)  1%          4
k - Ignition              Fire           49%        3d14      2%          8
l - Bombard               Conj/Erth      57%        9d9       1%          6
m - Fire Storm            Conj/Fire      62%        8d16      26%         9

Your spell library contained the following spells:

 Spells                   Type           Power      Damage    Failure   Level
 Static Discharge         Conj/Air       100%       2-7/arc   0%          2
 Flame Wave               Conj/Fire      100%       2d21      0%          4
 Iskenderun's Battlesphe  Conj           100%       2d15      0%          5
 Slow                     Hex            100%       N/A       1%          1
 Summon Small Mammal      Summ           100%       N/A       1%          1
 Cigotuvi's Dreadful Rot  Necr/Pois/Air  100%       N/A       1%          2
 Lesser Beckoning         Tloc           100%       N/A       1%          2
 Poisonous Vapours        Pois/Air       100%       N/A       1%          2
 Sublimation of Blood     Necr           52%        N/A       1%          2
 Wereblood                Tmut           51%        N/A       1%          2
 Call Canine Familiar     Summ           51%        N/A       1%          3
 Dazzling Flash           Conj/Hex       100%       N/A       1%          3
 Gell's Gravitas          Tloc           51%        N/A       1%          3
 Hailstorm                Conj/Ice       100%       3d20      1%          3
 Summon Guardian Golem    Hex/Summ       49%        N/A       1%          3
 Teleport Other           Tloc           51%        N/A       1%          3
 Vampiric Draining        Necr           52%        2d9       1%          3
 Volatile Blastmotes      Fire/Tloc      100%       2d18      1%          3
 Brom's Barrelling Bould  Conj/Erth      100%       2d11      1%          4
 Summon Lightning Spire   Summ/Air       60%        N/A       1%          4
 Conjure Ball Lightning   Conj/Air       54%        3x3d20    1%          6
 Summon Ice Beast         Ice/Summ       51%        N/A       4%          4
 Yara's Violent Unravell  Hex/Tmut       24%        3d11      4%          5
 Agony                    Necr           52%        N/A       12%         5
 Summon Forest            Summ/Tloc      25%        N/A       12%         5
 Summon Mana Viper        Hex/Summ       49%        N/A       14%         5
 Eringya's Noxious Bog    Tmut/Pois      25%        4d6       17%         6
 Maxwell's Capacitive Co  Air            34%        ∞         77%         8
 Chain Lightning          Conj/Air       54%        3d72      86%         9
 Haunt                    Necr/Summ      26%        N/A       98%         7
 Monstrous Menagerie      Summ           25%        N/A       98%         7
 Summon Hydra             Summ           25%        N/A       98%         7
 Shatter                  Erth           41%        3d32*     98%         9
 Discord                  Hex            22%        N/A       100%        8
 Disjunction              Tloc           25%        N/A       100%        8


Dungeon Overview and Level Annotations

Branches:
Dungeon (15/15)            Temple (1/1) D:7            Lair (5/5) D:8
  Swamp (1/4) Lair:2        Snake (4/4) Lair:3        Slime (0/5) Lair:5
    Orc (2/2) D:9             Elf (3/3) Orc:2        Vaults (1/5) D:13
 Depths (0/4) D:15         Bailey (visited)         Volcano (visited)
Gauntlet (visited)

Altars:
Ashenzari
Cheibriados
Dithmenos
Elyvilon
Fedhas
Gozag
Hepliaklqana
Kikubaaqudgha
Makhleb
Nemelex Xobeh
Okawaru
Qazlal
Ru
Sif Muna
Trog
Uskayaw
Vehumet
Wu Jian
Xom
Yredelemnul
Zin
The Shining One
Jiyva

Shops:
D:7 [   D:8 ?   D:9 *   D:11 (   D:15 :   Orc:2 =?*(   Snake:1 *

Annotations:
Swamp:1 Nikola
Snake:1 3 runed translucent doors, exclusion: obsidian statue, Roxanne; Yseiss's ghost, journeyman AtGl
Elf:2 5 runed translucent doors


Message History

Casting: Ignition (dangerous; 2% risk of failure)
Press: ? - help, Dir - look around, f - activate The air bursts into flame!
The fireball engulfs the orc warlord!!
The orc warlord is moderately wounded.
The fireball engulfs the yaktaur!
The yaktaur is severely wounded.
The fireball engulfs the centaur warrior!
The centaur warrior is almost dead.
The fireball engulfs the centaur warrior!!
You kill the centaur warrior!
Vehumet accepts your kill.
You feel your power returning.
The fireball engulfs the centaur warrior!
The centaur warrior is heavily wounded.
The fireball engulfs the slime creature!!
The slime creature is severely wounded.
The fireball engulfs the slime creature!!!
You kill the slime creature!
Vehumet accepts your kill.
You feel your power returning.
The fireball engulfs the slime creature!
You kill the slime creature!
Vehumet accepts your kill.
You feel your power returning.
The fireball engulfs the ironbound thunderhulk!
The ironbound thunderhulk is moderately wounded.
The fireball engulfs the centaur warrior!!!
You kill the centaur warrior!
Vehumet accepts your kill.
You feel your power returning.
The fireball engulfs the ironbound thunderhulk!!
The ironbound thunderhulk is severely wounded.
The fireball engulfs the slime creature!!
You kill the slime creature!
Vehumet accepts your kill.
You feel your power returning.
The centaur warrior shoots an arrow.
You block the arrow.
The yaktaur shoots a bolt.
The bolt hits you!!
* * * LOW HITPOINT WARNING * * *
The orc warlord shoots a bolt.
The bolt hits you!!
You die...

##### ###
#...## ...
#....[#...
#...#.....
#.O.###...
#.....#p..
#...#.....
#.@.#
#.?...#...
#c..#.o...
#...###...
#...c.#...
#)>.#.....
#...## ...
##### #+#


You could see an orc warlord, an ironbound preserver, an ironbound thunderhulk,
a centaur warrior and a yaktaur.

Vanquished Creatures
  Rupert (Lair:3)
  Kirke (Lair:3)
  20 nagarajas
  An orc warlord (Orc:2)
  2 deep elf demonologists (Elf:2)
  A deep elf annihilator (Elf:2)
  A minotaur (Gauntlet)
  A deep elf death mage (Elf:1)
  An entropy weaver (Gauntlet)
  2 fire dragons
  A deep elf high priest (Elf:3)
  A vault guard (D:13)
  The ghost of beavisfan the Cleaver, a journeyman MiBe of Trog (D:9)
  The ghost of Joey1 the Severer, a journeyman MiBe of Trog (Lair:1)
  7 hydras
  2 salamander tyrants (Snake:4)
  7 centaur warriors
  The ghost of extragnoll the Black Sun, a journeyman GnNe of Kikubaaqudgha (Lair:1)
  An ogre mage (D:15)
  12 anacondas
  3 ghost crabs
  Erica (D:9)
  7 two-headed ogres
  6 death yaks
  4 boulder beetles
  11 naga warriors
  4 orc high priests (Orc:2)
  A tengu warrior (D:14)
  8 dancing weapons
  4 shock serpents
  17 naga sharpshooters
  Sonja (Lair:2)
  9 deep elf knights
  A skyshark (Lair:5)
  9 naga ritualists
  4 salamander mystics
  7 skeletal warriors
  2 spectral hydras (Lair:2)
  2 wizards (D:15)
  10 deep elf archers
  5 orc knights (Orc:2)
  38 deep elf pyromancers
  A lindwurm (Lair:5)
  A wolf spider (Gauntlet)
  9 mana vipers
  Pikel (D:4)
  16 deep elf zephyrmancers
  5 orc sorcerers
  16 salamanders
  3 necromancers
  2 cyclopes (D:15)
  An oklob plant (Lair:5)
  4 manticores
  2 spectral boulder beetles (Lair:2)
  5 ugly things
  22 elephants
  7 guardian serpents (Snake:4)
  59 black mambas
  13 naga magi
  2 molten gargoyles (Lair:5)
  3 centaur skeletons
  19 cane toads
  Jeremiah (D:7)
  7 rime drakes
  16 komodo dragons
  An unseen horror (D:7)
  A redback zombie (D:14)
  2 efreet
  Psyche (D:9)
  The ghost of GreenGuy14 the Covert, a novice KoBr of Gozag (D:6)
  3 polar bears
  A bloated husk (Swamp:1)
  5 trolls
  7 dream sheep (Lair:3)
  A wolf spider simulacrum (D:15)
  A harpy skeleton (D:15)
  A spectral dream sheep (Lair:2)
  2 shadows
  A centaur simulacrum (D:15)
  4 slime creatures (Vaults:1)
  A spriggan (shapeshifter) (Elf:1)
  4 air elementals
  A wraith (D:11)
  A water elemental (D:13)
  A spectral komodo dragon (Lair:2)
  Eustachio (D:5)
  9 wyverns
  7 humans (D:13)
  40 yaks
  Grum (D:9)
  5 fire elementals
  4 hogs (Lair:3)
  2 redbacks (Gauntlet)
  7 basilisks
  A steam dragon (Lair:5)
  12 vampire mosquitoes
  3 wargs (Orc:1)
  A swamp worm (Swamp:1)
  2 acid dragons
  38 nagas
  13 hell hounds
  13 water moccasins
  Duvessa (D:4)
  36 orc warriors
  3 ice beasts
  3 sky beasts (D:7)
  A black bear (D:5)
  A hornet zombie (D:14)
  7 ogres
  14 wolves
  8 centaurs
  6 elf zombies (Elf:1)
  3 kobold brigands
  15 bullfrogs
  9 gnoll sergeants
  5 earth elementals
  2 scorpions
  Dowan (D:4)
  7 wights
  13 killer bees
  An oklob sapling (D:7)
  A howler monkey (D:12)
  3 electric eels
  5 lava snakes (Lair:5)
  24 orc priests
  2 hounds (Bailey)
  A sleepcap (D:7)
  2 jellies
  7 gnoll boudas
  Ijyb (D:3)
  4 iguanas
  A boggart zombie (D:14)
  33 orc wizards
  A boggart skeleton (D:14)
  28 gnolls
  6 adders
  A shadow imp (D:7)
  An ufetubus (D:5)
  A worm (D:2)
  4 dart slugs
  89 orcs
  11 ball pythons
  7 bats
  14 endoplasms
  3 giant cockroaches
  6 goblins
  8 hobgoblins
  11 quokkas
  13 frilled lizards
  18 kobolds
  4 rats
  A spectral orc (D:3)
1080 creatures vanquished.

Vanquished Creatures (collateral kills)
  Maggie (D:7)
  Blork the orc (D:4)
2 creatures vanquished.

Vanquished Creatures (others)
  A skeletal warrior (D:13)
  A kobold demonologist (D:13)
  5 humans
7 creatures vanquished.

Grand Total: 1089 creatures vanquished

Notes
Turn   | Place    | Note
-------+----------+-------------------------------------------
     0 | D:1      | pokeman the Deep Elf Hedge Wizard began the quest for the
                  | Orb.
     0 | D:1      | Reached XP level 1. HP: 10/10 MP: 7/7
   206 | D:1      | Reached XP level 2. HP: 16/16 MP: 5/9
   574 | D:1      | Reached skill level 5 in Spellcasting
   695 | D:1      | Reached XP level 3. HP: 20/20 MP: 8/11
   701 | D:1      | Learned a level 3 spell: Mephitic Cloud
   704 | D:1      | Learned a level 2 spell: Call Imp
   707 | D:1      | Learned a level 2 spell: Blink
  1196 | D:1      | Reached skill level 1 in Fighting
  1602 | D:2      | Reached skill level 1 in Armour
  2162 | D:2      | You fall into a shaft and drop 1 floor!
  2410 | D:3      | Reached XP level 4. HP: 25/25 MP: 8/13
  2762 | D:3      | Noticed Ijyb
  2786 | D:3      | Killed Ijyb
  3108 | D:3      | Found a basalt altar of Yredelemnul.
  3261 | D:3      | Found an opulent altar of Gozag.
  3408 | D:4      | Found a shadowy altar of Dithmenos.
  3483 | D:4      | Noticed a scorpion
  3483 | D:4      | Noticed a lemure
  3483 | D:4      | Noticed a lemure
  3486 | D:4      | Reached skill level 6 in Spellcasting
  3486 | D:4      | Reached XP level 5. HP: 29/29 MP: 6/15
  3487 | D:4      | Noticed a lemure
  3615 | D:4      | Noticed Pikel
  3639 | D:4      | Noticed a lemure
  3651 | D:4      | Killed Pikel
  3652 | D:4      | Reached skill level 7 in Spellcasting
  3652 | D:4      | Reached XP level 6. HP: 15/34 MP: 6/18
  3652 | D:4      | Reached XP level 7. HP: 17/38 MP: 6/20
  3658 | D:4      | Learned a level 5 spell: Freezing Cloud
  4076 | D:4      | Noticed Duvessa
  4076 | D:4      | Noticed Dowan
  4078 | D:4      | Noticed Blork the orc
  4085 | D:4      | Killed Duvessa
  4086 | D:4      | Reached skill level 8 in Spellcasting
  4086 | D:4      | Reached skill level 1 in Necromancy
  4086 | D:4      | Reached skill level 1 in Ice Magic
  4086 | D:4      | Reached skill level 1 in Poison Magic
  4086 | D:4      | Reached skill level 1 in Evocations
  4091 | D:4      | Killed Dowan
  4092 | D:4      | Reached skill level 1 in Air Magic
  4101 | D:4      | Killed Blork the orc
  4126 | D:4      | Learned a level 4 spell: Airstrike
  4386 | D:4      | Reached XP level 8. HP: 19/43 MP: 6/22
  4704 | D:5      | Entered Level 5 of the Dungeon
  4818 | D:5      | Reached skill level 9 in Spellcasting
  5352 | D:5      | Reached skill level 5 in Conjurations
  5422 | D:5      | Noticed Eustachio
  5480 | D:5      | Killed Eustachio
  5963 | D:6      | Found a blossoming altar of Fedhas.
  5979 | D:6      | Reached skill level 10 in Spellcasting
  6202 | D:6      | Found a runed translucent door.
  6332 | D:6      | Reached skill level 1 in Earth Magic
  6415 | D:6      | Found a runed translucent door.
  6434 | D:6      | Noticed GreenGuy14's ghost (novice KoBr)
  6782 | D:7      | Found a large runed translucent door.
  6794 | D:7      | Reached XP level 9. HP: 47/48 MP: 18/25
  6844 | D:7      | Found a large runed translucent door.
  6977 | D:7      | Found a snail-covered altar of Cheibriados.
  7066 | D:7      | Found Omeoq's Antique Armour Emporium.
  7092 | D:7      | Found a large runed translucent door.
  7102 | D:7      | Found a large runed translucent door.
  7186 | D:7      | Reached skill level 11 in Spellcasting
  7363 | D:7      | Killed an unseen horror
  7556 | D:7      | Found a staircase to the Ecumenical Temple.
  7825 | D:7      | Noticed Maggie
  7852 | D:7      | Killed Maggie
  7853 | D:7      | Reached skill level 12 in Spellcasting
  7853 | D:7      | Reached skill level 5 in Air Magic
  7855 | D:7      | Noticed Jeremiah
  7869 | D:7      | Killed Jeremiah
  8012 | D:7      | Reached XP level 10. HP: 56/56 MP: 22/28
  8486 | D:8      | Reached skill level 1 in Fire Magic
  8487 | D:8      | Reached skill level 13 in Spellcasting
  8621 | D:8      | Found a staircase to the Lair.
  8990 | D:8      | Found Baffo's Magic Scroll Emporium.
  8998 | D:8      | Bought a scroll of identify for 24 gold pieces
  8998 | D:8      | Bought a scroll of identify for 24 gold pieces
  8998 | D:8      | Bought a scroll of identify for 24 gold pieces
  8998 | D:8      | Bought a scroll of blinking for 90 gold pieces
  8998 | D:8      | Bought a scroll of noise for 12 gold pieces
  9159 | D:9      | Noticed Psyche
  9161 | D:9      | Paralysed by Psyche for 5 turns
  9165 | D:9      | Noticed Erica
  9188 | D:9      | Killed Psyche
  9192 | D:9      | Killed Erica
  9263 | D:9      | Noticed Grum
  9293 | D:9      | Killed Grum
  9323 | D:9      | Found a runed translucent door.
  9323 | D:9      | Noticed beavisfan's ghost (journeyman MiBe)
  9354 | D:9      | Found a staircase to the Orcish Mines.
  9364 | D:9      | Found Quimytot's General Store.
  9368 | D:9      | Found a burning altar of Makhleb.
  9372 | D:9      | Bought a scroll of identify for 30 gold pieces
  9440 | D:9      | Found a flagged portal.
  9448 | Bailey   | Entered a bailey
  9661 | Bailey   | Reached skill level 14 in Spellcasting
  9718 | Bailey   | Reached XP level 11. HP: 60/60 MP: 7/31
 10433 | D:9      | Noticed a two-headed ogre
 10452 | D:9      | Killed a two-headed ogre
 10678 | D:9      | Found a glowing silver altar of Zin.
 10679 | D:9      | Found a broken altar of Ashenzari.
 10756 | Temple   | Entered the Ecumenical Temple
 10786 | Temple   | Became a worshipper of Vehumet
 10964 | D:9      | Reached skill level 5 in Earth Magic
 11069 | D:9      | Found a sacrificial altar of Ru.
 11070 | D:9      | Found an iron altar of Okawaru.
 11368 | D:10     | Entered Level 10 of the Dungeon
 11496 | D:10     | Found a hide-covered altar of Uskayaw.
 11994 | D:10     | Noticed a two-headed ogre
 12006 | D:10     | Killed a two-headed ogre
 12007 | D:10     | Reached skill level 15 in Spellcasting
 12110 | D:10     | Noticed a two-headed ogre
 12115 | D:10     | Killed a two-headed ogre
 12193 | D:10     | Reached skill level 5 in Fire Magic
 12624 | D:11     | Reached * piety under Vehumet
 12624 | D:11     | Offered knowledge of Shock by Vehumet.
 12716 | D:11     | Noticed a boulder beetle
 12812 | D:11     | Killed a boulder beetle
 13184 | D:11     | Noticed a boulder beetle
 13195 | D:11     | Killed a boulder beetle
 13418 | D:11     | Reached XP level 12. HP: 64/64 MP: 17/33
 13561 | D:11     | Found Heseo's Antique Weapon Boutique.
 13943 | D:12     | Offered knowledge of Scorch by Vehumet.
 14055 | D:12     | Reached ** piety under Vehumet
 14163 | D:12     | Reached skill level 16 in Spellcasting
 14485 | D:12     | Learned a level 5 spell: Irradiate
 15387 | D:13     | Reached skill level 1 in Transmutations
 15681 | D:13     | Noticed a centaur warrior
 15693 | D:13     | Killed a centaur warrior
 15787 | D:13     | Noticed a boulder beetle
 15805 | D:13     | Killed a boulder beetle
 16211 | D:13     | Noticed a vault guard
 16223 | D:13     | Killed a vault guard
 16245 | D:13     | Reached skill level 10 in Conjurations
 16373 | D:13     | Reached skill level 17 in Spellcasting
 16507 | D:13     | Offered knowledge of Stone Arrow by Vehumet.
 16544 | D:13     | Found a gate to the Vaults.
 16549 | D:13     | Learned a level 3 spell: Stone Arrow
 16792 | D:14     | Noticed a centaur warrior
 16792 | D:14     | Noticed a centaur warrior
 16798 | D:14     | Killed a centaur warrior
 16798 | D:14     | Killed a centaur warrior
 16919 | D:14     | Noticed a boulder beetle
 16930 | D:14     | Killed a boulder beetle
 16933 | D:14     | Noticed a tengu warrior
 16939 | D:14     | Killed a tengu warrior
 16940 | D:14     | Reached skill level 5 in Fighting
 17150 | D:14     | Reached XP level 13. HP: 40/72 MP: 22/36
 17180 | D:14     | Reached *** piety under Vehumet
 17739 | D:15     | Entered Level 15 of the Dungeon
 17799 | D:15     | Found Etoir's Book Emporium.
 18070 | Lair:1   | Entered Level 1 of the Lair of Beasts
 18440 | Lair:1   | Offered knowledge of Inner Flame by Vehumet.
 18441 | Lair:1   | Reached skill level 18 in Spellcasting
 18973 | Lair:1   | Found a runed translucent gate.
 18973 | Lair:1   | Found a runed translucent gate.
 18973 | Lair:1   | Found a runed translucent gate.
 18977 | Lair:1   | Noticed Joey1's ghost (journeyman MiBe)
 18977 | Lair:1   | Noticed extragnoll's ghost (journeyman GnNe)
 19476 | Lair:2   | Found a dark tunnel.
 19491 | Volcano  | Entered a volcano
 19669 | Volcano  | Reached skill level 5 in Armour
 19708 | Volcano  | Reached **** piety under Vehumet
 19987 | Lair:2   | Offered knowledge of Fireball by Vehumet.
 20003 | Lair:2   | Learned a level 5 spell: Fireball
 20502 | Lair:2   | Reached skill level 19 in Spellcasting
 20667 | Lair:2   | Noticed Sonja
 20683 | Lair:2   | Killed Sonja
 20752 | Lair:2   | Reached XP level 14. HP: 76/78 MP: 9/39
 21411 | Lair:2   | Found a staircase to the Swamp.
 21513 | Lair:3   | Reached skill level 5 in Shields
 21674 | Lair:3   | Noticed Kirke
 21677 | Lair:3   | Noticed a sphinx
 21678 | Lair:3   | Killed Kirke
 21885 | Lair:3   | Noticed Rupert
 22541 | Lair:3   | Found a staircase to the Snake Pit.
 22921 | Lair:3   | Killed Rupert
 23163 | Lair:4   | Reached skill level 20 in Spellcasting
 23174 | Lair:4   | Reached ***** piety under Vehumet
 23341 | Lair:4   | Offered knowledge of Plasma Beam by Vehumet.
 23663 | Lair:4   | Reached skill level 10 in Fire Magic
 23939 | Lair:5   | Entered Level 5 of the Lair of Beasts
 23947 | Lair:5   | Found a gate leading to a gauntlet.
 24047 | Gauntlet | Entered a Gauntlet
 24047 | Gauntlet | Found a transporter.
 24056 | Gauntlet | Found a transporter.
 24069 | Gauntlet | Found a transporter.
 24073 | Gauntlet | Found a transporter.
 24087 | Gauntlet | Found a transporter.
 24107 | Gauntlet | Found a transporter.
 24110 | Gauntlet | Found a transporter.
 24114 | Gauntlet | Found a transporter.
 24158 | Gauntlet | Found a transporter.
 24158 | Gauntlet | Found a transporter.
 24162 | Gauntlet | Found a transporter.
 24195 | Gauntlet | Found a transporter.
 24325 | Gauntlet | Identified the +0 helmet of Context {Will+ Str+2}
 24401 | Gauntlet | Identified the +2 helmet of Araes {rF- rC+ rN+}
 24526 | Gauntlet | Identified the +5 robe of the Skies Above {rN+ Str+4 Dex+3}
 24526 | Gauntlet | Identified the +7 dire flail of Fagokh {venom, Fly rPois
                  | Will- Stlth+}
 25227 | Lair:5   | Reached skill level 21 in Spellcasting
 25227 | Lair:5   | Reached XP level 15. HP: 82/82 MP: 8/42
 26171 | Lair:5   | Found a viscous altar of Jiyva.
 26171 | Lair:5   | Found a staircase to the Slime Pits.
 26494 | Lair:5   | Offered knowledge of Flame Wave by Vehumet.
 26866 | Lair:5   | Found a large runed translucent door.
 26866 | Lair:5   | Found a large runed translucent door.
 27539 | Orc:1    | Entered Level 1 of the Orcish Mines
 27728 | Orc:2    | Entered Level 2 of the Orcish Mines
 28752 | Orc:2    | Found a staircase to the Elven Halls.
 29332 | Orc:2    | Offered knowledge of Yara's Violent Unravelling by Vehumet.
 29339 | Orc:2    | Reached skill level 22 in Spellcasting
 29573 | Orc:2    | Found Imeriv's Jewellery Emporium.
 29573 | Orc:2    | Found Qurac's Weapon Shop.
 29575 | Orc:2    | Found Arykhigg's General Store.
 29575 | Orc:2    | Found Jesinece's Magic Scroll Emporium.
 29585 | Orc:2    | Bought a scroll of acquirement for 832 gold pieces
 29585 | Orc:2    | Bought a scroll of teleportation for 48 gold pieces
 29585 | Orc:2    | Bought a scroll of identify for 32 gold pieces
 29588 | Orc:2    | Acquired the ring of Nusopitas {rC+ Will+ MP+9}
 29589 | Orc:2    | Acquired 617 gold pieces
 29774 | D:7      | Bought a shiny buckler for 210 gold pieces
 30647 | D:15     | Reached XP level 16. HP: 90/90 MP: 44/44
 30727 | D:15     | Found a staircase to the Depths.
 30768 | D:15     | Found a bloodstained altar of Trog.
 31669 | Swamp:1  | Entered Level 1 of the Swamp
 31669 | Swamp:1  | Noticed Nikola
 31671 | Swamp:1  | HP: 3/90 [Nikola/arc of chain lightning (44)]
 31811 | Snake:1  | Entered Level 1 of the Snake Pit
 32150 | Snake:1  | Noticed Roxanne
 32215 | Snake:1  | Learned a level 6 spell: Starburst
 32227 | Snake:1  | Offered knowledge of Arcjolt by Vehumet.
 32316 | Snake:1  | Found a runed translucent gate.
 32316 | Snake:1  | Found a runed translucent gate.
 32318 | Snake:1  | Found an opulent altar of Gozag.
 32320 | Snake:1  | Found a runed translucent gate.
 32320 | Snake:1  | Found Caush's Assorted Antiques.
 32322 | Snake:1  | Noticed Yseiss's ghost (journeyman AtGl)
 32340 | Snake:1  | Reached skill level 23 in Spellcasting
 35067 | D:6      | Killed GreenGuy14's ghost
 35221 | D:9      | Killed beavisfan's ghost
 35417 | Lair:1   | Killed Joey1's ghost
 35417 | Lair:1   | Killed extragnoll's ghost
 35451 | Lair:1   | Got a peculiar book
 35474 | Lair:1   | Learned a level 8 spell: Ignition
 35718 | Snake:3  | Reached skill level 24 in Spellcasting
 35719 | Snake:3  | Offered knowledge of Lee's Rapid Deconstruction by Vehumet.
 36540 | Snake:3  | Reached XP level 17. HP: 66/97 MP: 37/47
 36541 | Snake:3  | Reached skill level 15 in Conjurations
 37480 | Snake:4  | Entered Level 4 of the Snake Pit
 37761 | Snake:4  | HP: 3/97 [naga sharpshooter/bolt (12)]
 37766 | Snake:4  | HP: 3/97 [poisoned by a naga ritualist (toxic radiance)]
 37912 | Snake:4  | Acquired 598 gold pieces
 38367 | Snake:4  | Reached skill level 25 in Spellcasting
 38714 | Snake:4  | Offered knowledge of Ozocubu's Refrigeration by Vehumet.
 39006 | Snake:4  | Got a serpentine rune of Zot
 40718 | Elf:1    | Entered Level 1 of the Elven Halls
 40732 | Elf:1    | Reached XP level 18. HP: 67/103 MP: 24/49
 40966 | Elf:1    | Identified the +3 hand axe of Lachrymose Honour {distort,
                  | rF+ rN+ Will+}
 41425 | Elf:1    | Reached skill level 26 in Spellcasting
 41764 | Elf:1    | Got an ancient book
 42179 | Elf:2    | Offered knowledge of Bombard by Vehumet.
 42187 | Elf:2    | Learned a level 6 spell: Bombard
 42212 | Elf:2    | Paralysed by an air elemental for 1 turns
 42512 | Elf:2    | Reached ****** piety under Vehumet
 43072 | Elf:2    | Got an ancient book
 43254 | Elf:2    | Found a huge runed translucent gate.
 43254 | Elf:2    | Found a huge runed translucent gate.
 43254 | Elf:2    | Found a huge runed translucent gate.
 43254 | Elf:2    | Found a huge runed translucent gate.
 43257 | Elf:2    | Found a huge runed translucent gate.
 43327 | Elf:2    | Learned a level 9 spell: Fire Storm
 43348 | Elf:3    | Entered Level 3 of the Elven Halls
 43612 | Elf:3    | Reached skill level 15 in Fire Magic
 44302 | Vaults:1 | Entered Level 1 of the Vaults
 44305 | Vaults:1 | HP: 3/103 [yaktaur/bolt (26)]
 44305 | Vaults:1 | Shot with a bolt by an orc warlord

Illustrated notes

Levels and vault maps discovered:
D:1:      mrwooster_arrival_statue_3, layout_rooms, minmay_lizard_pond
D:2:      layout_basic, serial_curves, eino_curves_04, eino_curves_04,
          eino_curves_04, eino_curves_04
D:3:      minmay_wonky_spiral, layout_basic, general_overflow_altar,
          yredelemnul_forgotten_temple_becter, serial_bayou,
          serial_bayou_ford_a, serial_bayou_crossing, serial_bayou_pond_d,
          serial_bayou_shore_b, serial_bayou_pond_b, uniq_ijyb
D:4:      layout_basic, nicolae_dithmenos_the_darkroom, uniq_blork_the_orc,
          uniq_duvessa, uniq_pikel
D:5:      layout_loops_cross, uniq_eustachio
D:6:      layout_gridville, fedhas_bush_and_centaur_altar, ebering_ghost_sewer_f
D:7:      layout_basic, mainiacjoe_overflow_catwalk, minmay_temple_entry_oklob,
          serial_shops, shop, minmay_hollow_rounded_squares, uniq_jeremiah,
          uniq_maggie
D:8:      layout_basic, hellmonk_lair_entry_icy, serial_shops, shop
D:9:      layout_small_grid, bloody_makhleb, mainiacjoe_overflow_alcove_3,
          minmay_orc_entry_temple_small, enter_bailey_2, gammafunk_ghost_grave,
          serial_shops, nicolae_shop_waterfront, dreamdust_princess_corridor,
          st_stairs_10, uniq_grum, uniq_psyche, uniq_erica
D:10:     layout_stronghold, lemuel_round_altar, lemuel_flamethrower_hall
D:11:     layout_roguey, serial_shops, nicolae_shop_peninsula
D:12:     layout_cave_pods
D:13:     layout_basic, ximxim_vaults_locker_room, due_unseen_surprise
D:14:     layout_basic, wad_floor_pattern_2
D:15:     grunt_enter_depths_magical_seal, layout_cave_pools,
          trog_three_pillars_becter, special_room [special_room_orc],
          serial_shops, nicolae_square_shop, nrook_mini_vaults, minmay_librarian
Temple:   minmay_temple_curvy_loop
Lair:1:   layout_small_grid, gammafunk_ghost_cemetery
Lair:2:   layout_cave_pods, nicolae_swamp_entry_spooky,
          nicolae_volcano_entry_lava_flow, uniq_sonja
Lair:3:   layout_regular_city, guppyfry_snake_entry_garden, uniq_rupert,
          uniq_kirke
Lair:4:   layout_hall_layers
Lair:5:   cheibrodos_lair_end_hotspot, layout_big_grid,
          nicolae_slime_entry_slimehenge, gauntlet_entry_generic,
          amcnicky_mini_pool_medium
Swamp:1:  layout_basic_swamp, nicolae_swamp_ascending_descending,
          infiniplex_staircase_pool, uniq_nikola, uniq_donald, uniq_frances
Snake:1:  layout_concentric_octagons, ebering_ghost_gozag,
          nicolae_snake_gridmaze_entwining, st_stairs_3,
          nicolae_snake_coiling_death, uniq_roxanne
Snake:2:  layout_misc_corridors, grunt_megastairs_2
Snake:3:  layout_chambers
Snake:4:  grunt_snake_rune_spirals, layout_concentric_octagons,
          nrook_guardian_serpent_ordinary
Orc:1:    layout_diamond_mine
Orc:2:    grunt_orc_tribal_feast, layout_diamond_mine
Elf:1:    eino_elf_arrival_the_gate, layout_loops_cross, minmay_elf_necromancy
Elf:2:    elven_hall_of_blades_hangedman_alternative [nicolae_blade_lattice],
          layout_geoelf_diagonals, minmay_elf_annihilation
Elf:3:    elf_hall, layout_geoelf_octagon, minmay_misc_feat_alley,
          wad_floor_pattern_1
Vaults:1: nicolae_vaults_closet_pinwheel_4, st_eye, nicolae_vaults_turnstiles,
          nicolae_vaults_closet_pinwheel_4, nicolae_vaults_six-pack, v_misc_16,
          nicolae_vaults_stairing_the_circle, nicolae_vaults_tetromino_T_1,
          nicolae_vaults_wrenched, v_misc_8, nicolae_vaults_apartment_1,
          layout_vaults_big_cross, serial_shops, nicolae_shop_advertising_works
          [nicolae_subvault_shop_adworks]

Skill      XL: |  1  2  3  4  5  6  7  8  9 10 11 12 13 14 15 16 17 18 |
---------------+-------------------------------------------------------+-----
Spellcasting   | 5 6 7 8 10 12 14 15 17 19 21 22 24 25 26 | 26.6
Fighting       | 1 2 3 5 6 7 8 |  8.0
Conjurations   | 2 3 4 5 7 8 9 10 11 12 13 14 16 | 16.5
Armour         | 1 2 3 4 5 6 7 8 |  8.3
Dodging        | 3 |  3.0
Stealth        | 4 |  4.1
Shields        | 2 3 4 6 |  6.0
Necromancy     | 1 |  1.1
Ice Magic      | 1 |  1.1
Poison Magic   | 1 |  1.1
Evocations     | 1 |  1.0
Air Magic      | 1 3 5 |  5.0
Earth Magic    | 1 4 6 7 9 |  9.0
Fire Magic     | 3 5 7 8 10 11 13 14 15 | 15.0
Transmutations | 1 |  1.0
Summonings     | |  1.1
Translocations | |  1.1

Action                     |  1- 3 |  4- 6 |  7- 9 | 10-12 | 13-15 | 16-18 || total
---------------------------+-------+-------+-------+-------+-------+-------++-------
  Melee: Dagger            |    19 |    34 |    26 |       |       |       ||    79
         Punch             |       |     1 |     8 |     4 |       |       ||    13
         Long sword        |       |       |    79 |       |       |       ||    79
         Whip              |       |       |    24 |   229 |     1 |       ||   254
         Staff             |       |       |       |       |    46 |     4 ||    50
   Cast: Magic Dart        |   145 |    41 |   211 |    85 |     4 |     6 ||   492
         Mephitic Cloud    |       |     7 |    27 |    52 |    18 |       ||   104
         Call Imp          |       |     1 |     8 |     9 |     4 |     2 ||    24
         Airstrike         |       |       |     2 |    79 |    14 |    18 ||   113
         Freezing Cloud    |       |       |     4 |    64 |    50 |    29 ||   147
         Blink             |       |       |       |     5 |     5 |     4 ||    14
         Stone Arrow       |       |       |       |     9 |   102 |    62 ||   173
         Fireball          |       |       |       |       |   364 |   445 ||   809
         Starburst         |       |       |       |       |       |     8 ||     8
         Irradiate         |       |       |       |       |       |     1 ||     1
         Ignition          |       |       |       |       |       |    11 ||    11
         Bombard           |       |       |       |       |       |     6 ||     6
  Evoke: Wand              |       |       |     5 |     5 |     6 |       ||    16
         Sack of spiders   |       |       |       |       |     1 |       ||     1
    Use: Scroll            |       |       |       |    19 |     8 |     7 ||    34
         Potion            |       |       |       |     1 |       |     1 ||     2
   Stab: Confused          |       |     4 |    12 |    23 |     2 |       ||    41
 Armour: Robe              |    14 |     8 |    96 |   100 |    50 |   136 ||   404
         Acid dragon scale |       |       |       |    96 |    96 |       ||   192
  Dodge: Dodged            |    13 |    29 |   101 |   144 |    83 |    52 ||   422
  Block: Buckler           |       |       |       |       |    16 |    40 ||    56

Table legend: (Time is in decaauts)
 A = Elapsed time spent in this place.
 B = Non-inter-level travel time spent in this place.
 C = Inter-level travel time spent in this place.
 D = Time resting spent in this place.
 E = Time spent auto-exploring this place.
 F = Levels seen in this place.
 G = Mean time per level.
                   A        B        C        D        E       F      G
               +--------+--------+--------+--------+--------+-----+--------+
         Total |  44471 |  40840 |   3631 |   4594 |  29231 |  35 | 1270.6 |
       Dungeon |  19997 |  18029 |   1968 |   1536 |  13451 |  15 | 1333.1 |
        Temple |    176 |    105 |     71 |      0 |      0 |   1 |  176.0 |
          Lair |   8836 |   7892 |    944 |   1211 |   5630 |   5 | 1767.2 |
         Swamp |      4 |      4 |      0 |      0 |      0 |   1 |    4.0 |
     Snake Pit |   7962 |   7552 |    410 |   1109 |   5443 |   4 | 1990.5 |
  Orcish Mines |   2266 |   2145 |    121 |    101 |   1716 |   2 | 1133.0 |
   Elven Halls |   3408 |   3295 |    113 |    279 |   2572 |   3 | 1136.0 |
        Vaults |      2 |      2 |      0 |      0 |      0 |   1 |    2.0 |
        Bailey |    779 |    779 |      0 |     92 |    283 |   1 |  779.0 |
       Volcano |    491 |    491 |      0 |    248 |     51 |   1 |  491.0 |
      Gauntlet |    545 |    545 |      0 |     18 |     85 |   1 |  545.0 |
               +--------+--------+--------+--------+--------+-----+--------+

Top non-repeatable levels by time:
 Snake:4: 2734 daAuts
  Lair:5: 2317 daAuts
  Lair:2: 2228 daAuts
     D:7: 2103 daAuts
 Snake:3: 1873 daAuts
    D:13: 1830 daAuts
 Snake:1: 1762 daAuts
  Lair:1: 1652 daAuts
 Snake:2: 1592 daAuts
   Orc:2: 1535 daAuts
     D:9: 1534 daAuts
  Lair:3: 1532 daAuts
   Elf:1: 1510 daAuts
     D:1: 1373 daAuts
    D:11: 1363 daAuts
